cohdb
Replays
Latest Replays
All Replays
Popular Replays
Top Player Replays
Match Explorer
How It Works
Community
CoH3 Stats
Reddit
Sign in to upload your games and track your stats! →
Sign in with Steam
Match 42363053
Unlisted
Match 42363053
Overview
Messages
Build Orders
End
Kradschützen Motorcycle Team
Selects Panzerjäger Kommand Battlegroup
Selects Mine Fields
Panzergrenadier Squad
Panzergrenadier Squad
Panzergrenadier Squad
Construct Light Support Kompanie
Fire Support Elements
Flakvierling Half-track
Selects Tank Busters
Panzerjäger Squad
Assault Mechanized Group
Panzerjäger Squad
Construct Panzerarmee Kommand
Panzerpioneer Squad
Panzer III L Medium Tank
Selects Defensive Positions
Selects Butterfly Bomb Drop
Vehicle Survival Package
Selects Crew Shock Tactics
Panzer III L Medium Tank
Panzerjäger Squad
Panzer III L Medium Tank
Emergency Repair Kits
Panzer III L Medium Tank
Selects Anti-tank Overwatch
Rapid Advance
Anti-tank Overwatch
Panzer III L Medium Tank
Panzer III L Medium Tank
Tungsten Core Ammunition
Panzer III L Medium Tank
Assault Mechanized Group
Anti-tank Overwatch
Panzerpioneer Squad
Panzer III L Medium Tank
Anti-tank Overwatch
Panzer III L Medium Tank
Assault Mechanized Group
Anti-tank Overwatch
Panzer III L Medium Tank
MG34 Team
BigDog
rundashroll
Dogon222
REDFORCE
Geno 21
Scooter
0
0
Comments
sign in to comment!
No comments posted yet!